 Dungeon Crawl Stone Soup version 0.19-a0-1041-g82b1012 (webtiles) character file.

1257 Leszczynek the Basher (level 8, 0/72 HPs)
             Began as an Ogre Arcane Marksman on July 30, 2016.
             Was an Initiate of Trog.
             Slain by a sky beast (6 damage)
             ... on level 6 of the Dungeon.
             The game lasted 00:21:09 (7336 turns).

Leszczynek the Basher (Ogre Arcane Marksman)        Turns: 7336, Time: 00:21:09

Health: 0/72       AC:  3    Str: 18    XL:     8   Next: 51%
Magic:  9/9        EV: 11    Int: 12    God:    Trog [......]
Gold:   228        SH:  0    Dex: 10    Spells: 2 memorised, 6 levels left

rFire  . . .     SeeInvis .     c - +0 giant club
rCold  + . .     Gourm    +     a - +0 robe
rNeg   . . .     Faith    .     (shield currently unavailable)
rPois  .         Spirit   .     (helmet restricted)
rElec  .         Dismiss  .     (no cloak)
rCorr  .         Reflect  .     (gloves unavailable)
SustAt .         Harm     .     (boots unavailable)
MR     .....                    A - amulet of the gourmand
Stlth  +.........               g - +1 ring of evasion
                                m - ring of protection from cold

@: confused, not resistant to hostile enchantments, very unstealthy
A: unfitting armour, tough skin 1
a: Burn Spellbooks, Renounce Religion


You were on level 6 of the Dungeon.
You worshipped Trog.
Trog was noncommittal.
You were completely stuffed.

You visited 1 branch of the dungeon, and saw 6 of its levels.

You collected 228 gold pieces.

Inventory:

Hand Weapons
 c - a +0 giant club (weapon)
 u - a +1 short sword of flaming
 w - a +0 morningstar of holy wrath
Missiles
 d - 3 throwing nets (quivered)
 e - 10 poisoned needles
 n - 81 sling bullets
 q - 3 needles of frenzy
 v - 9 large rocks
Armour
 a - a +0 robe (worn)
Jewellery
 g - a +1 ring of evasion (right hand)
 m - a ring of protection from cold (left hand)
 A - an amulet of the gourmand (around neck)
 E - a cursed amulet of rage
Wands
 x - a wand of lightning (0/15)
Scrolls
 i - 2 scrolls of remove curse
 j - a scroll of teleportation {unknown}
 k - 2 scrolls of enchant weapon {unknown}
 r - a scroll of identify
 s - a scroll of enchant armour {unknown}
 y - 2 scrolls of fog {unknown}
Potions
 p - a potion of ambrosia
 D - a potion of haste
Comestibles
 f - 4 bread rations
 l - a slice of pizza
 o - 3 meat rations
 t - a chunk of flesh


   Skills:
 + Level 2.0 Fighting
 * Level 12.1 Maces & Flails
 - Level 2.0 Throwing
 - Level 1.7 Dodging
 - Level 2.0 Stealth
 - Level 1.2 Spellcasting
 - Level 2.1 Hexes


You had 6 spell levels left.
You knew the following spells:

 Your Spells              Type           Power        Failure   Level  Hunger
a - Corona                Hex            #......      14%         1    ##.....
b - Slow                  Hex            #.......     21%         2    ###....


Dungeon Overview and Level Annotations

Branches:
Dungeon (6/15)
 Temple: D:4-7

Altars:
Ashenzari
Cheibriados
Gozag
Hepliaklqana
Trog
Vehumet
Yredelemnul

Shops:
D:6 :

Annotations:
D:4 Edmund
D:5 Multipenetrator's ghost, novice FoVM


Innate Abilities, Weirdness & Mutations

You are too large for most types of armour.
You have tough skin. (AC +1)


Message History

You are confused.
You feel invigorated. The sky beast completely misses you.
The sky beast hits you.
* * * LOW HITPOINT WARNING * * *
The sky beast shocks you.
* * * LOW HITPOINT WARNING * * *
The sky beast hits you.
* * * LOW HITPOINT WARNING * * *
The sky beast shocks you.
* * * LOW HITPOINT WARNING * * *
The sky beast hits you.
* * * LOW HITPOINT WARNING * * *
The sky beast shocks you.
* * * LOW HITPOINT WARNING * * *
Unknown command.
The sky beast closely misses you.
You're too confused to move!
The sky beast hits you.
* * * LOW HITPOINT WARNING * * *
The sky beast shocks you.
You die...

#.........# #....####
#.........# #........
#.........# #........
#........># #........
#.........# #........
#......≈..# #........
#.......≈.# #........
#.......Y.# #........
#...####@## #....##..
#...####.##+##+##....####
#.....................#
#.....................#
#...#.(........<......#
#..##.##....##.......##
#''##.################
#8..##.......#
##__##.......#


You could see a sky beast.

Vanquished Creatures
  Grinder (D:6)
  Prince Ribbit (D:5)
  A sky beast (D:6)
  2 ogres
  A giant frog (D:6)
  A scorpion (D:5)
  A centaur skeleton (D:6)
  A giant frog zombie (D:5)
  A hound (D:5)
  2 orc priests
  3 orc wizards
  A worker ant (D:4)
  5 gnolls
  7 adders
  A shadow imp (D:5)
  An ooze (D:1)
  2 adder zombies
  An adder skeleton (D:4)
  A worm (D:2)
  3 dart slugs
  4 giant geckos
  10 orcs
  2 ball pythons
  10 bats
  6 giant cockroaches
  7 goblins
  8 hobgoblins
  10 jackals
  7 kobolds
  2 quokkas
  5 giant newts
  6 rats
114 creatures vanquished.

Notes
Turn   | Place    | Note
-------+----------+-------------------------------------------
     0 | D:1      | Leszczynek the Ogre Arcane Marksman began the quest for the Orb.
     0 | D:1      | Reached XP level 1. HP: 19/19 MP: 2/2
   245 | D:1      | Reached skill level 1 in Stealth
   313 | D:1      | Reached XP level 2. HP: 16/27 MP: 3/3
   691 | D:1      | Reached skill level 2 in Stealth
   839 | D:1      | Reached skill level 1 in Maces & Flails
   840 | D:1      | Reached XP level 3. HP: 24/33 MP: 1/4
  1186 | D:1      | Reached skill level 2 in Fighting
  1441 | D:2      | Reached skill level 2 in Maces & Flails
  1460 | D:2      | Learned a level 2 spell: Slow
  2177 | D:2      | Reached XP level 4. HP: 42/42 MP: 5/5
  2182 | D:2      | Reached skill level 3 in Maces & Flails
  2618 | D:2      | Reached skill level 4 in Maces & Flails
  2650 | D:2      | HP: 4/42 [poisoned by an adder]
  3529 | D:2      | Reached XP level 5. HP: 25/49 MP: 6/6
  3923 | D:3      | Found a shattered altar of Ashenzari.
  3990 | D:3      | Reached skill level 5 in Maces & Flails
  4444 | D:2      | Reached skill level 6 in Maces & Flails
  4624 | D:3      | Found an opulent altar of Gozag.
  4841 | D:3      | Reached XP level 6. HP: 53/57 MP: 5/7
  5156 | D:4      | Found a basalt altar of Yredelemnul.
  5473 | D:4      | Reached skill level 7 in Maces & Flails
  5627 | D:4      | Noticed Edmund
  5831 | D:4      | Found a bloodstained altar of Trog.
  5836 | D:4      | Became a worshipper of Trog the Wrathful
  5919 | D:5      | Entered Level 5 of the Dungeon
  6060 | D:5      | Reached skill level 8 in Maces & Flails
  6194 | D:5      | Reached XP level 7. HP: 60/65 MP: 8/8
  6254 | D:5      | Reached skill level 9 in Maces & Flails
  6442 | D:5      | Noticed Prince Ribbit
  6490 | D:5      | Killed Prince Ribbit
  6490 | D:5      | Reached skill level 10 in Maces & Flails
  6490 | D:5      | Reached XP level 8. HP: 29/72 MP: 9/9
  6813 | D:5      | Noticed Multipenetrator's ghost (novice FoVM)
  6832 | D:6      | Found a hazy altar of Hepliaklqana.
  6885 | D:6      | Found Joerenam's Book Shoppe.
  6894 | D:6      | Noticed Grinder
  6911 | D:6      | Paralysed by Grinder for 5 turns
  6931 | D:6      | Paralysed by Grinder for 4 turns
  6939 | D:6      | Killed Grinder
  6939 | D:6      | Reached skill level 11 in Maces & Flails
  7115 | D:6      | Reached skill level 12 in Maces & Flails
  7261 | D:6      | Found a snail-covered altar of Cheibriados.
  7261 | D:6      | Found a radiant altar of Vehumet.
  7329 | D:6      | HP: 7/72 [sky beast (5)]
  7334 | D:6      | HP: 7/72 [sky beast (2)]
  7334 | D:6      | HP: 2/72 [sky beast (5)]
  7336 | D:6      | Slain by a sky beast

Vault maps used:
D:1:      dpeg_arrival_signposts, hex_intersection
D:3:      grunt_gozag_statues, nicolae_overflow_crystal_walls
D:4:      kennysheep_big_flooded_room, old_standard_altar, marbit_many_paths,
          first_bread, hangedman_abyss_or_decor_passed, uniq_edmund
D:5:      roderic_cross_of_infinity, uniq_prince_ribbit1
D:6:      old_standard_altar, gammafunk_temple_overflow_wave, serial_shops,
          shop, hangedman_decor_diamond_cutter, uniq_grinder

Skill      XL: |  1  2  3  4  5  6  7  8 |
---------------+-------------------------+-----
Stealth        | 1 2 |  2.0
Maces & Flails | 1 2 4 6 8 10 12 | 12.1
Fighting       | 2 |  2.0
Throwing       | |  2.0
Dodging        | |  1.7
Spellcasting   | |  1.2
Hexes          | |  2.1

Action                   |  1- 3 |  4- 6 |  7- 9 || total
-------------------------+-------+-------+-------++-------
Melee: Dagger            |    23 |       |       ||    23
       Short sword       |    91 |       |       ||    91
       Whip              |    14 |       |       ||    14
       Flail             |    10 |    90 |       ||   100
       Morningstar       |       |    95 |       ||    95
       Giant club        |       |    30 |    69 ||    99
Throw: Stone             |    11 |       |       ||    11
       Throwing net      |       |     3 |       ||     3
       Large rock        |       |       |     1 ||     1
 Cast: Corona            |    17 |    18 |       ||    35
       Slow              |       |     2 |       ||     2
Invok: Burn Spellbooks   |       |       |     2 ||     2
Evoke: Wand              |       |     4 |       ||     4
  Use: Potion            |       |     2 |     6 ||     8
       Scroll            |       |     5 |     2 ||     7
 Stab: Sleeping          |     2 |       |       ||     2
  Eat: Chunk             |     5 |    23 |     4 ||    32
Armor: Robe              |    41 |    67 |     9 ||   117
       Skin              |       |       |     6 ||     6
Dodge: Dodged            |    91 |   117 |    32 ||   240
